 Dungeon Sprint DCSS version 0.27-a0-797-g27d10ad80f (webtiles) character file.

Game seed: 16052815218054570359

62092 mhtbhm the Shatterer (level 14, -9/172 HPs)
             Began as a Troll Berserker on Mar 27, 2021.
             Was the Champion of Trog.
             Killed from afar by an ironbound frostheart (38 damage)
             ... with a frost
             ... in the Dungeon (Sprint IX: "|||||||||||||||||||||||||||||").
             The game lasted 00:11:33 (3404 turns).

mhtbhm the Shatterer (Troll Berserker)              Turns: 3404, Time: 00:11:34

Health: -9/172     AC: 13    Str: 38    XL:     14   Next: 63%
Magic:  13/13      EV: 11    Int:  3    God:    Trog [******]
Gold:   219        SH:  0    Dex:  9    Spells: 13/13 levels left

rFire    . . .     SeeInvis .   a - +6 giant club (vorpal)
rCold    . . .     Faith    .   (shield currently unavailable)
rNeg     . . .     Spirit   .   b - +0 storm dragon scales
rPois    +         Reflect  .   s - +2 hat
rElec    +         Harm     .   k - +0 cloak
rCorr    .         Rampage  .   (gloves unavailable)
Will     +....     NoTele   +   (boots unavailable)
Stlth    ..........             t - amulet of regeneration
HPRegen  2.38/turn              u - +6 ring of strength
MPRegen  0.13/turn              x - ring of poison resistance

@: corroded, berserk cooldown
A: large, unfitting armour, claws 3, regeneration 1, shaggy fur 1, tough skin 1
a: Renounce Religion, Berserk, Trog's Hand, Brothers in Arms


You were in the Dungeon.
You worshipped Trog.
Trog was exalted by your worship.
You visited 1 branch You collected 1888 gold pieces.
You spent 1669 gold pieces at shops.

Inventory:

Hand Weapons
 a - a +6 vorpal giant club (weapon)
 w - a +8 morningstar of flaming
 z - the +3 whip "Beetlebane" {vorpal, rC+}
   (You found it in the Dungeon)

   It inflicts extra damage upon your enemies.
   It protects you from cold.
Missiles
 D - 14 silver javelins
Armour
 b - +0 storm dragon scales (worn)
 k - a +0 cloak (worn)
 s - a +2 hat (worn)
Jewellery
 m - a +2 ring of evasion
 t - an amulet of regeneration (around neck)
 u - a +6 ring of strength (left claw)
 x - a ring of poison resistance (right claw)
 y - a ring of ice
Wands
 j - a wand of iceblast (6)
Scrolls
 l - a scroll of immolation
 o - 3 scrolls of fog
 p - 8 scrolls of enchant weapon
 q - 2 scrolls of enchant armour
 r - 4 scrolls of identify
 v - a scroll of holy word
 B - a scroll of fear
Potions
 c - 7 potions of curing
 d - 5 potions of heal wounds
 e - a potion of haste
 f - 4 potions of magic
 g - a potion of berserk rage
 i - a potion of invisibility
 n - a potion of might
 A - 2 potions of mutation
 C - a potion of cancellation {unknown}


   Skills:
 + Level 19.0 Fighting
 + Level 22.5 Maces & Flails
 + Level 13.3 Armour
 + Level 13.4 Dodging
 - Level 2.9 Stealth
 + Level 3.0 Evocations


You had 13 spell levels left.
You didn't know any spells.
Your spell library was empty.

Dungeon Overview and Level Annotations

Branches:
Dungeon (1/1)

Altars:
Cheibriados
Dithmenos
Elyvilon
Fedhas
Gozag
Hepliaklqana
Kikubaaqudgha
Makhleb
Nemelex Xobeh
Okawaru
Qazlal
Ru
Sif Muna
Trog
Uskayaw
Vehumet
Wu Jian
Xom
Yredelemnul
Zin
The Shining One
Beogh
Jiyva
Lugonu

Shops:
D (=?*


Innate Abilities, Weirdness & Mutations

You are too large for most types of armour.
You have claws for hands.
Your natural rate of healing is unusually fast.
You are covered in fur. (AC +1)
You have tough skin. (AC +1)


Message History

You are encased in ice.
The vault warden activates a sealing rune.
You feel much better. The entropy weaver barely misses you.
The entropy weaver hits you.
The entropy weaver hits you but does no damage. x2
Okay, then.
You bludgeon the entropy weaver!!
You kill the entropy weaver!
Trog accepts your kill. Something appears at your feet!
You see here a +7 dire flail.
Trog grants you a weapon!
Trog appreciates your killing of a magic user.
Unknown command.
You hit the vault warden but do no damage.
The ice encasing you melts away. The vault warden barely misses you.
The ironbound frostheart calls freezing cold from the walls.
The frost grips you!
* * * LOW HITPOINT WARNING * * *
You are encased in ice.
Unknown command.
You completely miss the vault warden.
The vault warden hits you with a +0 great sword!
* * * LOW HITPOINT WARNING * * *
The ironbound frostheart calls freezing cold from the walls.
The frost grips you!!
* * * LOW HITPOINT WARNING * * *
Unknown command.
Okay, then.
You feel much better.
You feel yourself speed up. The ice encasing you melts away.
The vault warden hits you with a +0 great sword!
* * * LOW HITPOINT WARNING * * *
Unknown command.
Your cyclops goes berserk!
The vault warden hits you but does no damage.
The ironbound frostheart calls freezing cold from the walls.
The frost grips you!!!
You die...

▓.▓.♣†..▓)▓.▓)▓.▓.
▓+▓.♣.♣.▓.▓.▓.▓.▓.
▓)▓.♣.♣.▓.▓.▓.▓.▓.
▓)▓.♣.♣.▓.▓.▓.▓.▓.
▓)▓.♣.♣.▓.▓.▓.▓.▓.
▓)▓.♣.♣.▓.▓.▓)▓.▓.
▓C▓.♣.♣.▓.▓.▓)▓.▓'
▓.▓.♣.♣.▓'▓.▓.▓.▓.
▓@▓.♣.♣.▓(▓.▓)▓.▓)
▓p▓.♣.♣.▓.▓.▓)▓.▓†
▓p▓.▓'▓.▓.▓.▓)▓.▓.
▓)▓.▓)▓.▓.▓.▓∩▓.▓.
▓.▓.▓)▓.▓.▓.▓)▓.▓.
▓.▓.▓†▓.▓.▓.▓∩▓.▓.
▓.▓.▓)▓.▓.▓.▓.▓.▓.
▓.▓.▓.▓.▓.▓.▓∩▓.▓(
▓.▓.▓)▓.▓.▓.▓.▓.▓.


You could see a vault warden (ally target), an ironbound frostheart and a
friendly cyclops (summoned, berserk).

Vanquished Creatures
  A golden dragon (D)
  Gastronok (D)
  A storm dragon (D)
  A nagaraja (D)
  A frost giant (D)
  An ironbound preserver (D)
  2 stone giants (D)
  A vampire knight (D)
  An entropy weaver (D)
  A merfolk javelineer (D)
  A salamander tyrant (D)
  2 eleionomae (D)
  2 ettins (D)
  A naga warrior (D)
  2 great orbs of eyes (D)
  3 fire dragons (D)
  2 ironbound thunderhulks (D)
  2 hydras (D)
  A yaktaur captain (D)
  An ice dragon (D)
  2 rakshasas (D)
  An ironbound frostheart (D)
  A catoblepas (D)
  Erica (D)
  A deep troll earth mage (D)
  10 orc high priests (D)
  A two-headed ogre (D)
  A spriggan berserker (D)
  2 shock serpents (D)
  A sea snake (D)
  A goliath frog (D)
  An ironbound convoker (D)
  3 orc knights (D)
  5 wizards (D)
  An orb spider (D)
  2 orc sorcerers (D)
  2 manticores (D)
  2 ugly things (D)
  2 cyclopes (D)
  3 black mambas (D)
  Maurice (D)
  2 water nymphs (D)
  A vault sentinel (D)
  2 naga magi (D)
  A rime drake (shapeshifter) (D)
  4 cane toads (D)
  A rime drake (D)
  A yaktaur (D)
  2 komodo dragons (D)
  A freezing wraith (D)
  2 tengu conjurers (D)
  A hornet (D)
  2 merfolk (D)
  2 snapping turtles (D)
  2 slime creatures (D)
  A spriggan (D)
  Eustachio (D)
  2 wraiths (D)
  2 yaks (D)
  A vampire mosquito (D)
  2 wargs (D)
  An acid dragon (D)
  A hell hound (D)
  2 water moccasins (D)
  9 orc warriors (D)
  A centaur (D)
  5 wolves (D)
  6 bullfrogs (D)
  A howler monkey (D)
  2 hounds (D)
  7 orc priests (D)
  5 orc wizards (D)
  An adder (D)
  5 orcs (D)
  A bat (D)
  An endoplasm (D)
  A goblin (D)
  A jackal (D)
  A bat simulacrum (D)
  2 rats (D)
158 creatures vanquished.

Vanquished Creatures (collateral kills)
  An emperor scorpion (D)
  A vault warden (D)
  An entropy weaver (D)
  A shambling mangrove (D)
  A great orb of eyes (D)
  A spriggan berserker (D)
  A deep troll earth mage (D)
  A swamp dragon (D)
  An orb spider (D)
  2 wolf spiders (D)
  A vault sentinel (D)
  A jumping spider (D)
  4 hornets (D)
  A tyrant leech (D)
  2 redbacks (D)
  A spriggan (D)
  A yak (shapeshifter) (D)
22 creatures vanquished.

Grand Total: 180 creatures vanquished

Notes
Turn   | Place    | Note
-------+----------+-------------------------------------------
     0 | D        | mhtbhm the Troll Berserker began the quest for the Orb.
     0 | D        | Reached XP level 1. HP: 22/22 MP: 0/0
     8 | D        | Reached skill level 3 in Maces & Flails
     9 | D        | Reached ** piety under Trog
   120 | D        | Noticed an orc priest
   120 | D        | Noticed a hound
   120 | D        | Noticed a hound
   124 | D        | Killed an orc priest
   125 | D        | Reached skill level 4 in Maces & Flails
   125 | D        | Reached XP level 2. HP: 32/32 MP: 1/1
   125 | D        | Reached XP level 3. HP: 39/39 MP: 2/2
   128 | D        | Reached *** piety under Trog
   131 | D        | Reached skill level 5 in Maces & Flails
   131 | D        | Reached XP level 4. HP: 49/49 MP: 3/3
   133 | D        | Reached skill level 5 in Dodging
   141 | D        | Found a snail-covered altar of Cheibriados.
   141 | D        | Found a shadowy altar of Dithmenos.
   141 | D        | Found a white marble altar of Elyvilon.
   141 | D        | Found a blossoming altar of Fedhas.
   141 | D        | Found an opulent altar of Gozag.
   142 | D        | Found a hazy altar of Hepliaklqana.
   143 | D        | Found a viscous altar of Jiyva.
   144 | D        | Found an ancient bone altar of Kikubaaqudgha.
   145 | D        | Found a corrupted altar of Lugonu.
   146 | D        | Found a burning altar of Makhleb.
   147 | D        | Found a sparkling altar of Nemelex Xobeh.
   148 | D        | Found an iron altar of Okawaru.
   149 | D        | Found a stormy altar of Qazlal.
   150 | D        | Found a sacrificial altar of Ru.
   151 | D        | Found a shimmering blue altar of Sif Muna.
   152 | D        | Found a bloodstained altar of Trog.
   153 | D        | Found a hide-covered altar of Uskayaw.
   154 | D        | Found a radiant altar of Vehumet.
   155 | D        | Found an ornate altar of the Wu Jian Council.
   156 | D        | Found a shimmering altar of Xom.
   157 | D        | Found a basalt altar of Yredelemnul.
   158 | D        | Found a glowing silver altar of Zin.
   159 | D        | Found a glowing golden altar of the Shining One.
   298 | D        | Noticed an acid dragon
   298 | D        | Noticed a two-headed ogre
   298 | D        | Noticed a wraith
   298 | D        | Noticed an orc warrior
   298 | D        | Noticed an orc warrior
   302 | D        | Killed an acid dragon
   302 | D        | Reached **** piety under Trog
   303 | D        | Reached skill level 5 in Fighting
   303 | D        | Reached skill level 7 in Maces & Flails
   303 | D        | Reached XP level 5. HP: 59/59 MP: 4/4
   308 | D        | Killed a two-headed ogre
   309 | D        | Reached skill level 9 in Maces & Flails
   309 | D        | Reached XP level 6. HP: 74/74 MP: 5/5
   309 | D        | Reached XP level 7. HP: 81/81 MP: 6/6
   319 | D        | Killed a wraith
   320 | D        | Reached skill level 10 in Maces & Flails
   320 | D        | Reached skill level 1 in Stealth
   320 | D        | Reached XP level 8. HP: 63/89 MP: 7/7
   368 | D        | Noticed a five-headed hydra
   368 | D        | Noticed a manticore
   368 | D        | Noticed a manticore
   368 | D        | Noticed a rime drake
   380 | D        | Killed a five-headed hydra
   381 | D        | Reached skill level 11 in Maces & Flails
   383 | D        | Killed a manticore
   384 | D        | Reached XP level 9. HP: 101/101 MP: 8/8
   390 | D        | Reached skill level 12 in Maces & Flails
   390 | D        | Reached skill level 10 in Dodging
   393 | D        | Killed a manticore
   393 | D        | Reached ***** piety under Trog
   394 | D        | Reached skill level 10 in Fighting
   411 | D        | Killed a rime drake
   562 | D        | Noticed a cane toad
   562 | D        | Noticed a cane toad
   562 | D        | Noticed a black mamba
   566 | D        | Killed a cane toad
   567 | D        | Reached skill level 13 in Maces & Flails
   569 | D        | Killed a cane toad
   569 | D        | Received a gift from Trog
   573 | D        | Noticed a komodo dragon
   618 | D        | Killed a black mamba
   619 | D        | Reached skill level 1 in Evocations
   619 | D        | Reached XP level 10. HP: 111/111 MP: 9/9
   622 | D        | Reached skill level 14 in Maces & Flails
   687 | D        | Noticed a cane toad
   695 | D        | Noticed a cane toad
   707 | D        | Killed a cane toad
   707 | D        | Reached ****** piety under Trog
   724 | D        | Killed a cane toad
   725 | D        | Reached skill level 15 in Maces & Flails
   730 | D        | Received a gift from Trog
   811 | D        | Received a gift from Trog
   865 | D        | Noticed Gastronok
   875 | D        | Killed Gastronok
   876 | D        | Reached skill level 16 in Maces & Flails
   876 | D        | Reached XP level 11. HP: 123/123 MP: 10/10
   970 | D        | Received a gift from Trog
   989 | D        | Received a gift from Trog
  1094 | D        | Noticed an orc knight
  1094 | D        | Noticed an orc knight
  1099 | D        | Killed an orc knight
  1100 | D        | Noticed an orc sorcerer
  1108 | D        | Killed an orc knight
  1111 | D        | Noticed an orc sorcerer
  1113 | D        | Received a gift from Trog
  1115 | D        | Noticed an orc knight
  1121 | D        | Killed an orc sorcerer
  1122 | D        | Reached skill level 17 in Maces & Flails
  1124 | D        | Killed an orc sorcerer
  1133 | D        | Killed an orc knight
  1136 | D        | Received a gift from Trog
  1208 | D        | Found Jaataak's Antique Weapon Emporium.
  1208 | D        | Noticed an orc high priest
  1208 | D        | Noticed an orc high priest
  1208 | D        | Noticed an orc high priest
  1208 | D        | Noticed an orc high priest
  1209 | D        | Noticed an orc high priest
  1211 | D        | Noticed an orc high priest
  1213 | D        | Killed an orc high priest
  1218 | D        | Noticed a sixfirhy
  1220 | D        | Killed an orc high priest
  1221 | D        | Found Zoxowef's Jewellery Shoppe.
  1224 | D        | Noticed a sun demon
  1227 | D        | Killed an orc high priest
  1228 | D        | Reached skill level 18 in Maces & Flails
  1228 | D        | Found Midao's Magic Scroll Emporium.
  1230 | D        | Killed an orc high priest
  1233 | D        | Killed an orc high priest
  1234 | D        | Found Mammug's Assorted Antiques.
  1237 | D        | Killed an orc high priest
  1238 | D        | Noticed an orc high priest
  1258 | D        | Killed an orc high priest
  1259 | D        | Reached XP level 12. HP: 66/137 MP: 11/11
  1321 | D        | Noticed an orc high priest
  1322 | D        | Noticed an orc high priest
  1322 | D        | Noticed an orc high priest
  1326 | D        | Killed an orc high priest
  1329 | D        | Killed an orc high priest
  1330 | D        | Reached skill level 19 in Maces & Flails
  1338 | D        | Killed an orc high priest
  1371 | D        | Bought a scroll of blinking for 105 gold pieces
  1371 | D        | Bought a scroll of enchant weapon for 105 gold pieces
  1371 | D        | Bought a scroll of enchant weapon for 105 gold pieces
  1373 | D        | Bought a potion of heal wounds for 100 gold pieces
  1373 | D        | Bought a scroll of fog for 40 gold pieces
  1375 | D        | Bought 3 scrolls of identify for 84 gold pieces
  1375 | D        | Bought a scroll of fog for 28 gold pieces
  1377 | D        | Bought an amulet of regeneration for 360 gold pieces
  1377 | D        | Bought a +6 ring of strength for 702 gold pieces
  1420 | D        | Bought a scroll labelled OMOLOTSU ROTO for 20 gold pieces
  1420 | D        | Bought a scroll labelled XOSAYN NOET for 20 gold pieces
  1454 | D        | Noticed Eustachio
  1463 | D        | Killed Eustachio
  1463 | D        | Received a gift from Trog
  1558 | D        | Got the +3 whip "Beetlebane" {vorpal, rC+}
  1605 | D        | Noticed a seven-headed hydra
  1605 | D        | Noticed a catoblepas
  1608 | D        | Noticed a fire dragon
  1615 | D        | Killed a seven-headed hydra
  1616 | D        | Noticed a fire dragon
  1618 | D        | Killed a catoblepas
  1619 | D        | Noticed a rakshasa
  1624 | D        | Killed a fire dragon
  1764 | D        | Killed a fire dragon
  1779 | D        | Killed a rakshasa
  1780 | D        | Reached skill level 15 in Fighting
  1780 | D        | Reached skill level 20 in Maces & Flails
  1781 | D        | Received a gift from Trog
  1787 | D        | Reached skill level 1 in Armour
  1834 | D        | Noticed an ettin
  1841 | D        | Killed an ettin
  1844 | D        | Noticed a great orb of eyes
  1850 | D        | Killed a great orb of eyes
  1933 | D        | Noticed Maurice
  1937 | D        | Killed Maurice
  2006 | D        | Noticed Erica
  2012 | D        | Killed Erica
  2042 | D        | Noticed a naga warrior
  2042 | D        | Noticed a nagaraja
  2049 | D        | Noticed a salamander tyrant
  2061 | D        | Killed a nagaraja
  2062 | D        | Reached XP level 13. HP: 152/152 MP: 12/12
  2164 | D        | Received a gift from Trog
  2430 | D        | Killed a salamander tyrant
  2430 | D        | Received a gift from Trog
  2431 | D        | Reached skill level 21 in Maces & Flails
  2475 | D        | Noticed an entropy weaver
  2485 | D        | Noticed an emperor scorpion
  2491 | D        | Reached skill level 5 in Armour
  2668 | D        | Killed an entropy weaver
  2668 | D        | Received a gift from Trog
  2670 | D        | Killed an emperor scorpion
  2732 | D        | Noticed an eleionoma
  2732 | D        | Noticed an eleionoma
  2743 | D        | Killed an eleionoma
  2750 | D        | Killed an eleionoma
  2769 | D        | Identified the +3 great mace of Midwinter {vorpal, Will+
                  | Dex+7} (Trog gifted it to you in the Dungeon)
  2769 | D        | Received a gift from Trog
  2853 | D        | Noticed a merfolk javelineer
  2860 | D        | Killed a merfolk javelineer
  2860 | D        | Received a gift from Trog
  2882 | D        | Reached skill level 10 in Armour
  3052 | D        | Noticed a frost giant
  3052 | D        | Noticed an ettin
  3052 | D        | Noticed a golden dragon
  3056 | D        | Killed a frost giant
  3056 | D        | Received a gift from Trog
  3057 | D        | Noticed a fire dragon
  3065 | D        | Noticed a storm dragon
  3070 | D        | Killed an ettin
  3077 | D        | Killed a golden dragon
  3077 | D        | Received a gift from Trog
  3078 | D        | Reached XP level 14. HP: 75/166 MP: 13/13
  3096 | D        | Killed a storm dragon
  3102 | D        | Received a gift from Trog
  3105 | D        | Noticed a vampire knight
  3107 | D        | Noticed a stone giant
  3119 | D        | Killed a stone giant
  3130 | D        | Killed a vampire knight
  3164 | D        | Reached skill level 22 in Maces & Flails
  3174 | D        | Noticed a stone giant
  3183 | D        | Killed a stone giant
  3183 | D        | Received a gift from Trog
  3346 | D        | Noticed an ironbound preserver
  3352 | D        | Received a gift from Trog
  3361 | D        | Killed an ironbound preserver
  3367 | D        | Identified the +10 triple sword "Xoriolof" {vorpal, rN++
                  | Will- Int+8} (Trog gifted it to you in the Dungeon)
  3367 | D        | Received a gift from Trog
  3381 | D        | Received a gift from Trog
  3387 | D        | Noticed a vault warden
  3388 | D        | Noticed a vault warden
  3395 | D        | Killed a vault warden
  3400 | D        | Received a gift from Trog
  3402 | D        | HP: 5/172 [ironbound frostheart/frost (25)]
  3404 | D        | Killed from afar by an ironbound frostheart

Illustrated notes

Levels and vault maps discovered:
D:        linesprint [early_d, line_temple, items_1, d_10, items_2, lair_1,
          lair_end, items_3, orc_1, orc_end, items_4, d_15, swamp_1, shoals_1,
          snake_1, spider_1, d_20, vaults_1, items_5, swamp_end, shoals_end,
          snake_end, spider_end, vaults_end, d_27, items_6, zot_1, zot_end,
          crypt_end, forest_end, elf_end, slime_end, tomb_end, abyss_end,
          pan_hell_end]

Skill      XL: |  1  2  3  4  5  6  7  8  9 10 11 12 13 14 |
---------------+-------------------------------------------+-----
Maces & Flails | 4 5 7 9 10 11 13 16 18 20 21 22 | 22.5
Fighting       | 3 4 5 8 9 10 11 13 15 17 19 | 19.0
Dodging        | 3 4 6 8 9 10 11 12 13 | 13.4
Stealth        | 1 2 |  2.9
Evocations     | 1 3 |  3.0
Armour         | 2 11 13 | 13.3

Action                   |  1- 3 |  4- 6 |  7- 9 | 10-12 | 13-15 || total
-------------------------+-------+-------+-------+-------+-------++-------
Melee: Mace              |    19 |     4 |       |       |       ||    23
       Morningstar       |       |     8 |    73 |    48 |       ||   129
       Giant club        |       |       |       |   199 |   187 ||   386
Invok: Berserk           |     1 |     1 |     3 |    11 |     8 ||    24
       Brothers in Arms  |       |       |     1 |     1 |     9 ||    11
Evoke: Wand              |       |       |     2 |     1 |     5 ||     8
  Use: Potion            |       |       |       |     1 |     7 ||     8
       Scroll            |       |       |       |     3 |     3 ||     6
Armor: Animal skin       |     4 |     3 |    16 |    22 |       ||    45
       Storm dragon scal |       |       |       |    10 |   104 ||   114
Dodge: Dodged            |    17 |     5 |    38 |    88 |    78 ||   226

Table legend: (Time is in decaauts)
 A = Elapsed time spent in this place.
 B = Non-inter-level travel time spent in this place.
 C = Inter-level travel time spent in this place.
 D = Time resting spent in this place.
 E = Time spent auto-exploring this place.
 F = Levels seen in this place.
 G = Mean time per level.
                   A        B        C        D        E       F      G
               +--------+--------+--------+--------+--------+-----+--------+
         Total |   3482 |   3482 |      0 |   1431 |    461 |   1 | 3482.0 |
       Dungeon |   3482 |   3482 |      0 |   1431 |    461 |   1 | 3482.0 |
               +--------+--------+--------+--------+--------+-----+--------+

Top non-repeatable levels by time:
       D: 3482 daAuts
